 Dungeon Crawl Stone Soup version 0.21.0 (webtiles) character file.

1127 Lanoc the Cleaver (level 8, -1/70 HPs)
             Began as a Hill Orc Chaos Knight on Jan 6, 2018.
             Was an Initiate of Beogh.
             Slain by a wight
             ... wielding a +3 hand axe of freezing
              (9 damage)
             ... on level 6 of the Dungeon.
             The game lasted 00:13:01 (5144 turns).

Lanoc the Cleaver (Hill Orc Chaos Knight)           Turns: 5144, Time: 00:13:02

Health: -1/70      AC:  8    Str: 11 (15) XL:     8   Next: 35%
Magic:  8/8        EV: 11    Int: 12      God:    Beogh [......]
Gold:   306        SH:  0    Dex: 10      Spells: 2/7 levels left

rFire    . . .     SeeInvis .   a - +0 hand axe (chaos)
rCold    . . .     Gourm    .   (no shield)
rNeg     . . .     Faith    .   b - +2 leather armour
rPois    .         Spirit   .   (helmet restricted)
rElec    .         Reflect  .   (no cloak)
rCorr    .         Harm     .   (no gloves)
MR       .....                  t - +2 pair of boots
Stlth    ..........             (no amulet)
HPRegen  0.21/turn              (no ring)
MPRegen  0.11/turn              (no ring)

@: confused, heavily drained
A: horns 1, talons 1, clumsy 1, deterioration 1
a: Renounce Religion


You were on level 6 of the Dungeon.
You worshipped Beogh.
Beogh was noncommittal.
You were not hungry.

You visited 1 branch of the dungeon, and saw 6 of its levels.

You collected 306 gold pieces.

Inventory:

Hand Weapons
 a - a +0 hand axe of chaos (weapon)
Armour
 b - a +2 leather armour (worn)
 t - a +2 pair of boots (worn)
Jewellery
 f - an uncursed ring of magical power {unknown}
Wands
 s - a wand of iceblast (2)
Scrolls
 d - 3 scrolls of remove curse
 j - a scroll of fog {unknown}
 k - a scroll of enchant armour
 n - 4 scrolls of teleportation
 o - 2 scrolls of enchant weapon {unknown}
 r - a scroll of fear {unknown}
Potions
 e - a potion of curing
 g - a potion of berserk rage {unknown}
 h - 2 potions of brilliance {unknown}
 p - 2 potions of degeneration {unknown}
 q - 2 potions of heal wounds {unknown}
Books
 l - a book of Fire

   Spells                             Type                      Level
   a - Ignite Poison                  Fire/Transmutation/Poison    3
   b - Fireball                       Conjuration/Fire             5
   c - Bolt of Fire                   Conjuration/Fire             6
   d - Ring of Flames                 Charms/Fire                  7
   e - Ignition                       Fire                         8
Comestibles
 c - 14 rations


   Skills:
 + Level 6.2(4.2) Fighting
 * Level 8.9(6.8) Axes
 + Level 5.1(3.2) Armour
 + Level 3.5(1.6) Dodging


You had 2 spell levels left.
You knew the following spells:

 Your Spells              Type           Power        Failure   Level  Hunger
a - Fireball              Conj/Fire      #.........   100%        5    ######.


Dungeon Overview and Level Annotations

Branches:
Dungeon (6/15)
 Temple: D:4-7

Altars:
Cheibriados
The Shining One

Annotations:
D:4 Sprouick's ghost, novice GrMo
D:6 Tiamon's ghost, novice DrFE


Innate Abilities, Weirdness & Mutations

You have a pair of small horns on your head.
You have sharp toenails.
You are clumsy. (Dex -2)
Your body sometimes deteriorates upon taking damage.


Message History

You hit the wight but do no damage. The wight hits you with a flail!
* * * LOW HITPOINT WARNING * * *
You feel drained.
* * * LOW HITPOINT WARNING * * *
The wight hits you but does no damage. The wight closely misses you.
You hit the wight but do no damage.
The wight is almost destroyed.
You hit the wight but do no damage. The wight misses you.
The wight hits you but does no damage.
The wight hits you from afar with a halberd.
* * * LOW HITPOINT WARNING * * *
You are confused.
You feel invigorated. The wight barely misses you. x2
You barely miss the wight.
The wight is almost destroyed.
You hit the jelly. You burn the jelly.
Your hands burn!
* * * LOW HITPOINT WARNING * * *
You barely miss the wight. The jelly hits you but does no damage.
The wight hits you with a hand axe of freezing!
You die...

#........# ....
#.รท[>....# ...
#.<)[....# .. #
#.[......# ##.###.#
#######.#####......#
#............#
#####....###.
#zzJ### ##@.zO#
#.##..... #.# ####
... ..# ...# ...#
#####


You could see an ogre, a jelly and 3 wights.

Vanquished Creatures
  An ice beast (D:5)
  An ogre (D:5)
  A bullfrog (D:6)
  5 wights
  5 hounds
  An orc wizard (D:4)
  A centaur skeleton (D:4)
  2 orc priests (D:5)
  A jelly (D:6)
  5 worker ants
  A hound skeleton (D:4)
  8 gnolls
  5 adders
  An ooze (D:3)
  9 worms
  4 dart slugs
  6 leopard geckos
  9 orcs
  2 giant cockroaches
  7 goblins
  4 hobgoblins
  9 jackals
  6 kobolds
  4 quokkas
  6 bats
  4 frilled lizards
  10 rats
118 creatures vanquished.

Vanquished Creatures (others)
  2 orcs (D:5)
  A jackal (D:5)
  A giant cockroach zombie (D:5)
4 creatures vanquished.

Grand Total: 122 creatures vanquished

Notes
Turn   | Place    | Note
-------+----------+-------------------------------------------
     0 | D:1      | Lanoc the Hill Orc Chaos Knight began the quest for the Orb.
     0 | D:1      | Reached XP level 1. HP: 19/19 MP: 1/1
   132 | D:1      | Reached skill level 1 in Dodging
   132 | D:1      | Reached XP level 2. HP: 27/27 MP: 2/2
   205 | D:1      | XOM: harmless Tloc miscast
   217 | D:1      | XOM: harmless Pois miscast
   287 | D:1      | XOM: give mutations
   287 | D:1      | Gained mutation: Your body sometimes deteriorates upon taking damage. [Xom's mischief]
   287 | D:1      | Gained mutation: You have a pair of small horns on your head. [Xom's mischief]
   317 | D:1      | Reached XP level 3. HP: 33/33 MP: 3/3
   746 | D:2      | XOM: noise
   751 | D:2      | Reached skill level 5 in Axes
   751 | D:2      | Reached XP level 4. HP: 34/40 MP: 4/4
   770 | D:2      | Found a glowing golden altar of the Shining One.
   936 | D:2      | XOM: cloud trail
   958 | D:2      | XOM: god gift: 25 gold pieces
  1321 | D:2      | XOM: mild Tmut miscast
  1438 | D:3      | XOM: divination: detect creatures
  1647 | D:3      | XOM: severe Fire miscast
  1726 | D:3      | Reached XP level 5. HP: 38/47 MP: 5/5
  1742 | D:3      | HP: 1/47 [something (3)]
  1847 | D:3      | XOM: give mutations
  1847 | D:3      | Gained mutation: You have sharp toenails. [Xom's mischief]
  1847 | D:3      | Gained mutation: You are frail. (-10% HP) [Xom's mischief]
  2412 | D:3      | XOM: give mutations
  2412 | D:3      | Lost mutation: You are frail. (-10% HP) [Xom's mischief]
  2412 | D:3      | Gained mutation: You are clumsy. (Dex -2) [Xom's mischief]
  2552 | D:4      | Reached skill level 6 in Axes
  2579 | D:4      | Reached XP level 6. HP: 14/53 MP: 6/6
  2608 | D:4      | HP: 2/53 [poisoned by a worker ant]
  2674 | D:4      | XOM: divination: detect creatures
  2830 | D:4      | XOM: divination: detect items
  3013 | D:4      | Noticed Sprouick's ghost (novice GrMo)
  3016 | D:4      | XOM: cast spell 'Call Canine Familiar'
  3136 | D:4      | Learned a level 5 spell: Fireball
  3163 | D:4      | Reached skill level 5 in Fighting
  3259 | D:4      | Found a snail-covered altar of Cheibriados.
  3264 | D:4      | XOM: enchant monster (good)
  3328 | D:4      | XOM: cast spell 'Summon Small Mammal'
  3345 | D:4      | XOM: confuse monster(s)
  3448 | D:5      | Entered Level 5 of the Dungeon
  3528 | D:5      | Reached skill level 7 in Axes
  3528 | D:5      | Reached XP level 7. HP: 61/61 MP: 7/7
  3623 | D:5      | XOM: potion effect (might)
  3624 | D:5      | Fell from the grace of Xom
  3624 | D:5      | Became a worshipper of Beogh the Brigand
  3895 | D:5      | Reached skill level 8 in Axes
  4200 | D:5      | XOM: medium Erth miscast
  4221 | D:5      | XOM: medium Fire miscast
  4461 | D:5      | XOM: stat loss: -3 Str (11/15)
  4522 | D:6      | Noticed Tiamon's ghost (novice DrFE)
  4575 | D:5      | Reached XP level 8. HP: 23/70 MP: 8/8
  4789 | D:6      | Reached skill level 5 in Armour
  4877 | D:5      | XOM: summons 2 hostile shadow creatures
  5144 | D:6      | Slain by a wight

Skill      XL: |  1  2  3  4  5  6  7  8 |
---------------+-------------------------+-----
Dodging        | 1 2 3 |  3.5
Fighting       | 4 5 6 |  6.2
Axes           | 5 6 7 8 |  8.9
Armour         | 3 4 5 |  5.1

Action                   |  1- 3 |  4- 6 |  7- 9 || total
-------------------------+-------+-------+-------++-------
Melee: Hand axe          |    78 |   179 |   140 ||   397
       Headbutt          |    10 |    21 |    13 ||    44
       Kick              |       |    20 |     9 ||    29
Invok: Convert to Beogh  |       |       |     1 ||     1
  Use: Scroll            |       |     5 |     2 ||     7
       Potion            |       |     3 |     5 ||     8
 Stab: Paralysed         |       |     3 |     1 ||     4
       Petrifying        |       |       |     1 ||     1
  Eat: Chunk             |       |     8 |     4 ||    12
       Ration            |       |       |     1 ||     1
Armor: Leather armour    |    19 |    50 |    43 ||   112
Dodge: Dodged            |    40 |    99 |    72 ||   211
